BSA
NIAGARA FALLS FRENZY @ BAFFIN ISLAND BEAVERS
08/06/2027
 
TOP OF THE 1ST
Niagara Falls Frenzy batting - Pitching for Baffin Island Beavers : RHP Jesse Little
Pitching: RHP Jesse Little
Batting: RHB Jorge Cora 0-0: Foul Ball, location: 2F
0-1: Fly out, F8 (Flyball, 8RM)
Batting: RHB Tomás Estrada 0-0: Ball
1-0: Ball
2-0: Ball
3-0: Called Strike
3-1: Foul Ball, location: 2F
3-2: Ground out 6-3 (Groundball, 6)
Batting: LHB Clyde Yarbrough 0-0: Ball
1-0: Foul Ball, location: 2F
1-1: Ball
2-1: Ball
3-1: Base on Balls
Batting: SHB Martín De Jesús 0-0: Ball
1-0: Called Strike
1-1: Ball
2-1: Called Strike
2-2: Fielders Choice at 2nd, 6-4 (Groundball, 6)
Top of the 1st over - 0 run(s), 0 hit(s), 0 error(s), 0 left on base; Niagara Falls 0 - Baffin Island 0
BOTTOM OF THE 1ST
Baffin Island Beavers batting - Pitching for Niagara Falls Frenzy : RHP Ed Jones
Pitching: RHP Ed Jones
Batting: LHB Chris Bates 0-0: Fly out, F8 (Line Drive, 8LD)
Batting: SHB Alonso Ferreira 0-0: Ball
1-0: Ball
2-0: Called Strike
2-1: Swinging Strike
2-2: Strikes out looking
Batting: LHB Lorenzo Villa 0-0: Called Strike
0-1: DOUBLE (Line Drive, 9LM)
Batting: RHB Tony Morton 0-0: Ball
1-0: Ball
2-0: Fly out, F9 (Flyball, 9S)
Bottom of the 1st over - 0 run(s), 1 hit(s), 0 error(s), 1 left on base; Niagara Falls 0 - Baffin Island 0
TOP OF THE 2ND
Niagara Falls Frenzy batting - Pitching for Baffin Island Beavers : RHP Jesse Little
Batting: RHB Ángel Hinojosa 0-0: Ground out 1-3 (Groundball, 13S)
Batting: LHB Bill Hall 0-0: Foul Ball, location: 2F
0-1: Called Strike
0-2: Strikes out looking
Batting: RHB Cordell Gibson 0-0: Swinging Strike
0-1: Swinging Strike
0-2: Strikes out swinging
Top of the 2nd over - 0 run(s), 0 hit(s), 0 error(s), 0 left on base; Niagara Falls 0 - Baffin Island 0
BOTTOM OF THE 2ND
Baffin Island Beavers batting - Pitching for Niagara Falls Frenzy : RHP Ed Jones
Batting: RHB Raúl Soto 0-0: Swinging Strike
0-1: Foul Ball, location: 2F
0-2: Strikes out swinging
Batting: RHB Dave Craig 0-0: Ball
1-0: Ball
2-0: Ball
3-0: Base on Balls
Batting: RHB Murdoch Norton 0-0: Swinging Strike
0-1: Ball
1-1: Ball
2-1: Swinging Strike
2-2: Ball
3-2: Strikes out swinging
Batting: LHB Howard Evans 0-0: Foul Ball, location: 2F
0-1: Ball
1-1: Ball
2-1: Called Strike
2-2: Ball
3-2: Foul Ball, location: 2F
3-2: Base on Balls
Dave Craig to second
Batting: LHB Norberto Muńóz 0-0: Called Strike
0-1: Ball
1-1: Foul Ball, location: 2F
1-2: Fielders Choice at 2nd, 4-6 (Groundball, 34D)
Bottom of the 2nd over - 0 run(s), 0 hit(s), 0 error(s), 1 left on base; Niagara Falls 0 - Baffin Island 0
TOP OF THE 3RD
Niagara Falls Frenzy batting - Pitching for Baffin Island Beavers : RHP Jesse Little
Batting: RHB Ramiro Gámez 0-0: Called Strike
0-1: Foul Ball, location: 2F
0-2: Ball
1-2: Ground out 6-3 (Groundball, 6)
Batting: RHB Jung-ha Kim 0-0: Ball
1-0: Called Strike
1-1: Ball
2-1: Foul Ball, location: 2F
2-2: Ball
3-2: Strikes out swinging
Batting: RHB Jorge Cora 0-0: Swinging Strike
0-1: Swinging Strike
0-2: SOLO HOME RUN (Line Drive, 7D), Distance : 415 ft
Batting: RHB Tomás Estrada 0-0: Swinging Strike
0-1: Swinging Strike
0-2: Strikes out swinging
Top of the 3rd over - 1 run(s), 1 hit(s), 0 error(s), 0 left on base; Niagara Falls 1 - Baffin Island 0
BOTTOM OF THE 3RD
Baffin Island Beavers batting - Pitching for Niagara Falls Frenzy : RHP Ed Jones
Batting: LHB Chris Bates 0-0: Ball
1-0: SINGLE (Groundball, 4MD)
Batting: SHB Alonso Ferreira 0-0: Ball
1-0: Ball
2-0: Foul Ball, location: 2F
2-1: Grounds into double play, 4-6-3 (Groundball, 4)
Batting: LHB Lorenzo Villa 0-0: Swinging Strike
0-1: Ball
1-1: Fly out, F8 (Line Drive, 8RD)
Bottom of the 3rd over - 0 run(s), 1 hit(s), 0 error(s), 0 left on base; Niagara Falls 1 - Baffin Island 0
TOP OF THE 4TH
Niagara Falls Frenzy batting - Pitching for Baffin Island Beavers : RHP Jesse Little
Batting: LHB Clyde Yarbrough 0-0: Ball
1-0: Ball
2-0: Swinging Strike
2-1: Foul Ball, location: 2F
2-2: Ball
3-2: Ground out 4-3 (Groundball, 4S)
Batting: SHB Martín De Jesús 0-0: Fly out, F8 (Line Drive, 8RM)
Batting: RHB Ángel Hinojosa 0-0: Fly out, F8 (Line Drive, 78M)
Top of the 4th over - 0 run(s), 0 hit(s), 0 error(s), 0 left on base; Niagara Falls 1 - Baffin Island 0
BOTTOM OF THE 4TH
Baffin Island Beavers batting - Pitching for Niagara Falls Frenzy : RHP Ed Jones
Batting: RHB Tony Morton 0-0: Swinging Strike
0-1: Ball
1-1: Ball
2-1: Ball
3-1: Base on Balls
Batting: RHB Raúl Soto 0-0: Called Strike
0-1: Ball
1-1: Called Strike
1-2: Strikes out looking
Batting: RHB Dave Craig 0-0: Ball
1-0: Ball
2-0: Called Strike
2-1: Foul Ball, location: 2F
2-2: Ball
3-2: Fly out, F9 (Flyball, 9LSF)
Batting: RHB Murdoch Norton 0-0: Ball
1-0: Ball
2-0: Called Strike
2-1: Fielders Choice at 2nd, U6 (Groundball, 6M)
Bottom of the 4th over - 0 run(s), 0 hit(s), 0 error(s), 1 left on base; Niagara Falls 1 - Baffin Island 0
TOP OF THE 5TH
Niagara Falls Frenzy batting - Pitching for Baffin Island Beavers : RHP Jesse Little
Batting: LHB Bill Hall 0-0: Swinging Strike
0-1: Ground out 6-3 (Groundball, 6MS)
Batting: RHB Cordell Gibson 0-0: Called Strike
0-1: Called Strike
0-2: Foul Ball, location: 2F
0-2: Foul Ball, location: 2F
0-2: Foul Ball, location: 2F
0-2: Fly out, F6 (Popup, 6)
Batting: RHB Ramiro Gámez 0-0: Ball
1-0: Called Strike
1-1: Ball
2-1: Swinging Strike
2-2: Strikes out swinging
Top of the 5th over - 0 run(s), 0 hit(s), 0 error(s), 0 left on base; Niagara Falls 1 - Baffin Island 0
BOTTOM OF THE 5TH
Baffin Island Beavers batting - Pitching for Niagara Falls Frenzy : RHP Ed Jones
Batting: LHB Howard Evans 0-0: Ball
1-0: Called Strike
1-1: Ball
2-1: Foul Ball, location: 2F
2-2: Strikes out swinging
Batting: LHB Norberto Muńóz 0-0: Called Strike
0-1: Foul Ball, location: 2F
0-2: Ball
1-2: Foul Ball, location: 2F
1-2: Foul Ball, location: 2F
1-2: Ball
2-2: DOUBLE (Groundball, 3L)
Batting: LHB Chris Bates 0-0: Called Strike
0-1: Ball
Wild Pitch!
Norberto Muńóz to third
1-1: Ball
2-1: Swinging Strike
2-2: Ball
3-2: Base on Balls
Batting: SHB Alonso Ferreira 0-0: Ball
1-0: Called Strike
Chris Bates steals 2nd base
1-1: Ball
2-1: Ball
3-1: Foul Ball, location: 2F
3-2: SINGLE (Groundball, 6MD)
Norberto Muńóz scores
Chris Bates to third
Batting: LHB Lorenzo Villa 0-0: Called Strike
0-1: SINGLE (Groundball, 34D)
Chris Bates scores
Alonso Ferreira to second
Runner from 2nd tries for 3rd, SAFE, throw made to third
Batting: RHB Tony Morton 0-0: Fly out, F9 (Flyball, 9LS)
Batting: RHB Raúl Soto 0-0: Ball
1-0: Ball
2-0: Ball
3-0: Called Strike
3-1: Foul Ball, location: 2F
3-2: Fly out, F7 (Flyball, 78D)
Bottom of the 5th over - 2 run(s), 3 hit(s), 0 error(s), 2 left on base; Niagara Falls 1 - Baffin Island 2
TOP OF THE 6TH
Niagara Falls Frenzy batting - Pitching for Baffin Island Beavers : RHP Jesse Little
Batting: RHB Jung-ha Kim 0-0: Ball
1-0: Called Strike
1-1: Swinging Strike
1-2: SINGLE (Line Drive, 8LS)
Batting: RHB Jorge Cora 0-0: Ball
1-0: Fielders Choice at 2nd, 4-6 (Groundball, 34D)
Batting: RHB Tomás Estrada 0-0: Ball
1-0: Ball
2-0: Ball
3-0: Called Strike
3-1: Foul Ball, location: 2F
3-2: Foul Ball, location: 2F
3-2: Ground out 5-3 (Groundball, 5)
Jorge Cora to second
Batting: LHB Clyde Yarbrough 0-0: Ball
1-0: Foul Ball, location: 2F
1-1: Foul Ball, location: 2F
1-2: Ground out 4-3 (Groundball, 4)
Top of the 6th over - 0 run(s), 1 hit(s), 0 error(s), 1 left on base; Niagara Falls 1 - Baffin Island 2
BOTTOM OF THE 6TH
Baffin Island Beavers batting - Pitching for Niagara Falls Frenzy : RHP Ed Jones
Pitching: RHP Alonso Jiménez
Batting: RHB Dave Craig 0-0: Foul Ball, location: 2F
0-1: Swinging Strike
0-2: Foul Ball, location: 2F
0-2: Foul Ball, location: 2F
0-2: Ball
1-2: Foul Ball, location: 2F
1-2: Ball
2-2: SINGLE (Groundball, 56S) (infield hit)
Batting: RHB Murdoch Norton 0-0: Ball
1-0: Foul Ball, location: 2F
1-1: Foul Ball, location: 2F
1-2: Foul Ball, location: 2F
1-2: Fly out, F7 (Flyball, 7)
Batting: LHB Howard Evans 0-0: Ball
1-0: Ball
2-0: Ball
3-0: Base on Balls
Dave Craig to second
Batting: LHB Norberto Muńóz 0-0: Foul Ball, location: 2F
0-1: Ball
1-1: SINGLE (Groundball, 34D)
Dave Craig to third
Howard Evans to second
Runner from 3rd tries for Home, SAFE, throw made home
Howard Evans to third
Norberto Muńóz to second
Batting: LHB Chris Bates 0-0: Foul Ball, location: 2F
0-1: Ball
1-1: Ball
2-1: Foul Ball, location: 2F
2-2: Foul Ball, location: 2F
2-2: Foul Ball, location: 2F
2-2: Ball
3-2: SINGLE (Groundball, 3D)
Howard Evans scores
Norberto Muńóz to third
Pitching: RHP Ángel Francisco
Batting: SHB Alonso Ferreira 0-0: Fly out, F9 (Flyball, 9S)
Batting: LHB Lorenzo Villa 0-0: Fly out, F4 (Line Drive, 4)
Bottom of the 6th over - 2 run(s), 3 hit(s), 0 error(s), 2 left on base; Niagara Falls 1 - Baffin Island 4
TOP OF THE 7TH
Niagara Falls Frenzy batting - Pitching for Baffin Island Beavers : RHP Jesse Little
Batting: SHB Martín De Jesús 0-0: SOLO HOME RUN (Flyball, 89XD), Distance : 474 ft
Batting: RHB Ángel Hinojosa 0-0: Ball
1-0: Foul Ball, location: 2F
1-1: Swinging Strike
1-2: Strikes out swinging
Batting: LHB Bill Hall 0-0: Foul Ball, location: 2F
0-1: Called Strike
0-2: Fly out, F8 (Flyball, 8LM)
Batting: RHB Cordell Gibson 0-0: Ball
1-0: Foul Ball, location: 2F
1-1: Ball
2-1: Foul Ball, location: 2F
2-2: Strikes out looking
Top of the 7th over - 1 run(s), 1 hit(s), 0 error(s), 0 left on base; Niagara Falls 2 - Baffin Island 4
BOTTOM OF THE 7TH
Baffin Island Beavers batting - Pitching for Niagara Falls Frenzy : RHP Ángel Francisco
Batting: RHB Tony Morton 0-0: Called Strike
0-1: Ball
1-1: Swinging Strike
1-2: Fly out, F7 (Flyball, 78M)
Batting: RHB Raúl Soto 0-0: Ball
1-0: Fly out, F5 (Popup, 5D)
Batting: RHB Dave Craig 0-0: Foul Ball, location: 2F
0-1: Foul Ball, location: 2F
0-2: Fly out, F8 (Flyball, 8LXD)
Bottom of the 7th over - 0 run(s), 0 hit(s), 0 error(s), 0 left on base; Niagara Falls 2 - Baffin Island 4
TOP OF THE 8TH
Niagara Falls Frenzy batting - Pitching for Baffin Island Beavers : RHP Jesse Little
Batting: RHB Ramiro Gámez 0-0: Ball
1-0: Ball
2-0: Foul Ball, location: 2F
2-1: Swinging Strike
2-2: Strikes out swinging
Batting: RHB Jung-ha Kim 0-0: Foul Ball, location: 2F
0-1: Ball
1-1: Ball
2-1: Foul Ball, location: 2F
2-2: Strikes out swinging
Batting: RHB Jorge Cora 0-0: Ball
1-0: Fly out, F8 (Flyball, 8RM)
Top of the 8th over - 0 run(s), 0 hit(s), 0 error(s), 0 left on base; Niagara Falls 2 - Baffin Island 4
BOTTOM OF THE 8TH
Baffin Island Beavers batting - Pitching for Niagara Falls Frenzy : RHP Ángel Francisco
Batting: RHB Murdoch Norton 0-0: Ball
1-0: Swinging Strike
1-1: Foul Ball, location: 2F
1-2: Fly out, F5 (Popup, 56S)
Batting: LHB Howard Evans 0-0: Ball
1-0: Called Strike
1-1: Ball
2-1: Foul Ball, location: 2F
2-2: Ball
3-2: Foul Ball, location: 2F
3-2: Ground out U3 (Groundball, 3)
Batting: LHB Norberto Muńóz 0-0: Called Strike
0-1: Ball
1-1: Foul Ball, location: 2F
1-2: Foul Ball, location: 2F
1-2: Hit by Pitch
Batting: LHB Chris Bates 0-0: Ball
1-0: Ball
2-0: Hit by Pitch
Norberto Muńóz to second
Batting: SHB Alonso Ferreira 0-0: Foul Ball, location: 2F
0-1: Ball
1-1: Swinging Strike
1-2: Ball
2-2: Fielders Choice at 2nd, 4-6 (Groundball, 4)
Bottom of the 8th over - 0 run(s), 0 hit(s), 0 error(s), 1 left on base; Niagara Falls 2 - Baffin Island 4
TOP OF THE 9TH
Niagara Falls Frenzy batting - Pitching for Baffin Island Beavers : RHP Jesse Little
Pitching: LHP Edgardo Guzmán
Batting: RHB Tomás Estrada 0-0: Ground out 5-3 (Groundball, 56)
Batting: LHB Clyde Yarbrough 0-0: Foul Ball, location: 2F
0-1: Fly out, F7 (Flyball, 78D)
Batting: SHB Martín De Jesús 0-0: Ball
1-0: Reached on error, E4 (Groundball, 34)
Batting: RHB Ángel Hinojosa 0-0: Ball
1-0: Ball
2-0: Ball
3-0: Base on Balls
Martín De Jesús to second
Pinch Hitting: LHB Leo Wyeth 0-0: Ball
1-0: SINGLE (Line Drive, 9S)
Martín De Jesús to third
Ángel Hinojosa to second
Batting: RHB Cordell Gibson 0-0: Called Strike
0-1: Ball
1-1: Ball
2-1: Foul Ball, location: 2F
2-2: Foul Ball, location: 2F
2-2: Ball
3-2: Foul Ball, location: 2F
3-2: Foul Ball, location: 2F
3-2: Ground out U3 (Groundball, 34S)
Top of the 9th over - 0 run(s), 1 hit(s), 1 error(s), 3 left on base; Niagara Falls 2 - Baffin Island 4
Thursday, March 30th, 2017 - OOTP Baseball 17.12 Build 75